[Event "Late-Titled-Tuesday-Blitz-May-14-2024"]
[Site "Chess.com"]
[Date "2024.05.14"]
[Round "7"]
[White "KuzubovYuriy"]
[Black "jinbojinbo"]
[Result "1-0"]
[WhiteElo "2936"]
[BlackElo "2656"]
[TimeControl "180+1"]
[EndTime "15:17:33 PDT"]
[Termination "KuzubovYuriy won on time"]

1. d4 Nf6 2. Nf3 g6 3. Nbd2 d5 4. e3 Bg7 5. b4 O-O 6. Bb2 a5 7. b5 c6 8. c4 dxc4 9. Bxc4 cxb5 10. Bxb5 Nc6 11. O-O Bf5 12. Qb3 Nb4 13. Rfc1 Ne4 14. a3 Nd5 15. Nxe4 Bxe4 16. Nd2 Bf5 17. Rc5 Nb6 18. Rac1 Nd7 19. Rc7 Nf6 20. Rxb7 Rb8 21. Rxb8 Qxb8 22. h3 h5 23. a4 Ne4 24. Nxe4 Bxe4 25.
Qc3 Qb7 26. Bf1 Bf5 27. Ba3 Ra8 28. Qc5 Qb3 29. Qc3 Qxa4 30. Bxe7 Rc8 31. Qb2 Rxc1 32. Qxc1 Qb3 33. Kh2 Qb8+ 34. g3 a4 35. Qa3 Bd7 36. Bg2 h4 37. Bd6 Qd8 38. gxh4 Qxh4 39. Qc5 Qxf2 40. Qc7 Qf5 41. e4 Qe6 42. d5 Qe8 43. e5 Qc8 44. Qxc8+ Bxc8 45. Bf1 Bf8 46. Bxf8 Kxf8 47. Bc4 a3 48. Kg3 Ba6 49. Ba2 Ke7 50. h4 f6 51. Kf4 Bd3 52. d6+ Kd7 53. exf6 Kxd6 54. Kg5 Bf5 55. h5 Be6 56. f7 1-0

[Event "Late-Titled-Tuesday-Blitz-May-14-2024"]
[Site "Chess.com"]
[Date "2024.05.14"]
[Round "7"]
[White "Roedor"]
[Black "LUISMIGUELOV"]
[Result "1-0"]
[WhiteElo "2386"]
[BlackElo "2218"]
[TimeControl "180+1"]
[EndTime "15:17:34 PDT"]
[Termination "Roedor won on time"]

1. Nf3 c6 2. c4 Nf6 3. d4 h6 4. Nc3 d5 5. cxd5 cxd5 6. Bf4 Nc6 7.
Ne5 Bd7 8. e3 e6 9. Bd3 Be7 10.
O-O O-O 11. Rc1 Rc8 12. Bb1 Nxe5 13. dxe5 Ne8 14. Qd3 f5 15. exf6 Nxf6 16. Be5 a6 17. Rfd1 Bb5 18. Qc2 Ne4 19. f3 Nf6 20. Bxf6 Bxf6 21.
Qh7+ Kf7 22. Qg6+ Kg8 23. Qh7+ Kf7 24. e4 Qb6+ 25. Kh1 Rxc3 26. e5 Rxc1 27. Qg6+ Kg8 28. Qh7+ Kf7 29. Bg6+ Ke7 30. exf6+ Kxf6 31. Rxc1 Qe3 32.
Rg1 d4 33. Be4 Bc6 34. Qg6+ Ke7 35. Qxg7+ Rf7 36. Qe5 Bxe4 37. fxe4 d3 38. Qc7+ Kf8 39. Qd6+ Kg7 40. Rd1 Qxe4 41. h3 Rf2 42. Qg3+ Kh7 43. Qxf2 Qd5 44. Qf7+ Kh8 45. Qf8+ Kh7 46. Rf1 e5 47.
Qe7+ Kg6 48. Rf6+ Kh5 49. Kh2 e4 50. g4+ Kg5 51. Rf5+ Kg6 52. Rxd5 e3 53. Qe6+ Kg7 54. Rd7+ Kf8 55. Qe8+ Kxe8 56. Rxd3 1-0

[Event "Late-Titled-Tuesday-Blitz-May-14-2024"]
[Site "Chess.com"]
[Date "2024.05.14"]
[Round "7"]
[White "Flawless_Fighter"]
[Black "OK97"]
[Result "1-0"]
[WhiteElo "2689"]
[BlackElo "2861"]
[TimeControl "180+1"]
[EndTime "15:17:35 PDT"]
[Termination "Flawless_Fighter won by resignation"]

1. e4 c5 2. Nf3 a6 3. c3 d5 4. exd5 Qxd5 5. d4 e6 6. Bd3 Nc6 7. O-O Nf6 8. Re1 cxd4 9. cxd4 Be7 10. Nc3 Qd6 11. Bg5 O-O 12. Qe2 h6 13. Bh4 Nd5 14.
Bg3 Qd8 15. Rad1 b5 16. Bb1 Bb7 17. Qe4 Nf6 18. Qe3 Nb4 19. Ne5 Nbd5 20. Qd3 Nxc3 21. bxc3 Qd5 22. f3 Rfc8 23. Bh4 Kf8 24. Kh1 Rc7 25. Bg3 Rac8 26. Nxf7 Kxf7 27. Qg6+ Kf8 28. Be4 Qg5 29. Qxg5 hxg5 30. Bxc7 Bxe4 31. fxe4 Rxc7 32.
Rd3 Rc4 33. g3 Ke8 34. Kg2 Kd7 35. Re2 Ra4 36. Rf3 g4 37. Rf4 g5 38. Rf1 Ra3 39.
Rc1 Ne8 40. c4 bxc4 41. Rxc4 Nd6 42. Rb4 Nb5 43. Rc4 Rd3 44. d5 exd5 45. exd5 Rxd5 46. Rxg4 Rd1 47. Rge4 Bf6 48. Rc4 Nd6 49. Ra4 Bd4 50. Kh3 a5 51. Kg4 Bf6 52. Rxa5 Rd4+ 53. Kh5 Nc4 54.
Rf5 Bd8 55. Rf7+ Kc6 56. Rc2 Kc5 57. Rf5+ Kb4 58. Rff2 Ne3 59. Rcd2 Kc3 60. Rxd4 Kxd4 61. Rd2+ Ke4 62. Rxd8 Nf1 63. Kxg5 Nxh2 64. g4 Nf3+ 65. Kf6 1-0

[Event "Late-Titled-Tuesday-Blitz-May-14-2024"]
[Site "Chess.com"]
[Date "2024.05.14"]
[Round "7"]
[White "vpsetter"]
[Black "NMJeevanK"]
[Result "1-0"]
[WhiteElo "2554"]
[BlackElo "2713"]
[TimeControl "180+1"]
[EndTime "15:17:35 PDT"]
[Termination "vpsetter won by resignation"]

1. e4 d6 2. d4 Nf6 3. Nc3 e5 4. Nf3 Nbd7 5. Bc4 Be7 6. O-O O-O 7. a4 h6 8. Re1 c6 9. Ba2 Re8 10. Nh4 Bf8 11. Be3 exd4 12. Qxd4 Nc5 13. Bd2 Be6 14.
Nf5 Bxa2 15. Rxa2 Ne6 16. Qd3 d5 17. exd5 cxd5 18. Raa1 Nc5 19. Qd4 Nce4 20. Nxe4 dxe4 21. Qxd8 Raxd8 22. Rad1 Rd5 23. Ne3 Rd4 24. b3 Rc8 25. c4 Rd3 26. b4 Ra3 27. a5 b6 28. axb6 axb6 29. b5 Bc5 30. Ra1 Rd3 31. Bc1 Bd4 32. Ra6 g6 33. Ba3 Bxe3 34. fxe3 Rxc4 35. Rxb6 Nd5 36. Rb8+ Kg7 37. Bb2+ f6 38. b6 Rb3 39. Rb7+ Kf8 40. Bd4 Rc6 41. Rh7 Nxb6 42. Rxh6 f5 43. Ra1 Nc8 44. Rh8+ Kf7 45. h4 Ne7 46. Ra7 Rb1+ 47.
Kh2 Rbc1 48. Rh7+ Ke6 49. Raxe7+ Kd5 50. Rd7+ Kc4 51. Be5 Re1 52. Rd4+ Kc5 53. Bf4 Kb6 54. Rhd7 Rcc1 55. Rb4+ Kc5 56. Rb2 Rh1+ 57. Kg3 Rhd1 58.
Rxd1 Rxd1 59. Rc2+ Kd5 60. Rb2 Rc1 61. Rb6 Kc4 62.
Rc6+ Kd3 63. Rxc1 Ke2 64. Rc6 Kd3 65. Rxg6 Ke2 66. h5 1-0

[Event "Late-Titled-Tuesday-Blitz-May-14-2024"]
[Site "Chess.com"]
[Date "2024.05.14"]
[Round "7"]
[White "howitzer14"]
[Black "Jahonas"]
[Result "0-1"]
[WhiteElo "2999"]
[BlackElo "2391"]
[TimeControl "180+1"]
[EndTime "15:17:35 PDT"]
[Termination "Jahonas won by checkmate"]

1. e4 c6 2. Nf3 d5 3. exd5 cxd5 4. Ne5 Nc6 5. Bb5 Bd7 6. Nxd7 Qxd7 7. d4 Nf6 8. c3 e6 9. Nd2 a6 10. Kf1 axb5 11.
g3 Bd6 12. Kg2 O-O 13. Re1 e5 14. dxe5 Nxe5 15. Nf3 Qg4 16. Re3 Nxf3 17. Rxf3 Qe4 18. Kg1 Rfe8 19. Bg5 Ng4 20. h3 Ne5 21. Re3 Qf5 22.
Qxd5 Qxg5 23. Qxd6 Nc4 24. Rxe8+ Rxe8 25. Qd7 Qe5 26.
b3 Nd6 27. Rd1 Nf5 28. Qxb7 h5 29. Qf3 h4 30. g4 Nd6 31. Kg2 Ne4 32. Re1 g6 33. Re3 Kg7 34. a4 bxa4 35. bxa4 f5 36. Rd3 Ng5 37. Qb7+ Kh6 38. Re3 Qb8 39. Qxb8 Rxb8 40.
gxf5 gxf5 41. Re5 Kg6 42. a5 Rb3 43. c4 Ra3 44. Rb5 Ne4 45. c5 Ra2 46. c6 Rxf2+ 47. Kg1 Rc2 48. Rb6 f4 49. a6 f3 50. a7 Rc1+ 51.
Kh2 Ng3 52. c7+ Kg5 53. Rb5+ Kf4 54. Rb4+ Ke5 55. Rb5+ Kd6 56. Rb1 Rxb1 57. c8=Q Rh1# 0-1

[Event "Late-Titled-Tuesday-Blitz-May-14-2024"]
[Site "Chess.com"]
[Date "2024.05.14"]
[Round "7"]
[White "FairChess_on_YouTube"]
[Black "nindjaxx8"]
[Result "1-0"]
[WhiteElo "3067"]
[BlackElo "2665"]
[TimeControl "180+1"]
[EndTime "15:17:36 PDT"]
[Termination "FairChess_on_YouTube won on time"]

1. Nf3 d5 2. c4 e6 3. e3 Nf6 4.
Nc3 Be7 5. b3 O-O 6. Bb2 b6 7.
g4 Bb7 8. g5 Ne4 9. Rg1 Nd7 10.
Qc2 Qe8 11. cxd5 exd5 12. Nxe4 dxe4 13. Nh4 Bd6 14. Bb5 c6 15. Bc4 b5 16. g6 hxg6 17.
Rxg6 Be5 18. Nf5 bxc4 19. Rxg7+ Bxg7 20. Nxg7 Qe7 21. O-O-O Qg5 22. Qxc4 Nc5 23. h4 Qd5 24. Qc3 Nd3+ 25. Kb1 Nxb2 26. Kxb2 f6 27. Rg1 Qe5 28.
Ne6+ Kh8 29. Nxf8 Rxf8 30. Qxe5 fxe5 31. Rg5 Rxf2 32. Kc3 Rh2 33. Rxe5 Ba6 34. Rxe4 Kg7 35. Re7+ Kf6 36. Rxa7 Be2 37. Rh7 Rh1 38. a4 Rc1+ 39.
Kb2 Rd1 40. Kc2 Ra1 41. Rh6+ Ke5 42. Rxc6 Bf3 43. Rc5+ Kd6 44. Rg5 Be4+ 45. Kc3 Rc1+ 46. Kd4 Bb1 47. a5 Rh1 48. Rg4 Kc6 49. Ke5 Kb5 50.
b4 Bd3 51. Rd4 Be2 52. Kf6 Rf1+ 53. Rf4 Rh1 54. Rd4 Rd1 55. e4 Rh1 56. e5 Rf1+ 57. Ke7 Bc4 58. d3 Bb3 59. e6 Re1 60. Re4 Rg1 61.
Kf6 Rf1+ 62. Ke5 Rd1 63. e7 Bf7 64. d4 Rf1 65. Kd6 Be8 66. Kc7 Rf7 67. Kd8 1-0

[Event "Late-Titled-Tuesday-Blitz-May-14-2024"]
[Site "Chess.com"]
[Date "2024.05.14"]
[Round "7"]
[White "duone"]
[Black "Dolphin_2010"]
[Result "0-1"]
[WhiteElo "2429"]
[BlackElo "2616"]
[TimeControl "180+1"]
[EndTime "15:17:37 PDT"]
[Termination "Dolphin_2010 won by checkmate"]

1. e4 c6 2. Nf3 d5 3. Nc3 dxe4 4.
Nxe4 Nf6 5. Qe2 Nxe4 6. Qxe4 Nd7 7. Bc4 Nf6 8. Ne5 e6 9. Qe2 b5 10. Nxc6 Qb6 11. Bxb5 Bd7 12. Nxa7 Rxa7 13. Bxd7+ Nxd7 14. O-O Bc5 15. d3 O-O 16. c3 Rfa8 17. a3 Qb3 18. Be3 Rb8 19. Bxc5 Nxc5 20. Qe3 Rc7 21. Qe5 Na6 22.
Rab1 Rcb7 23. Qd6 Rb6 24. Qe7 Qc2 25. Rfc1 Rxb2 26. Ra1 Ra2 27. h3 Rxa1 28. Rxa1 Qxc3 29.
Rd1 Qc5 30. Qd7 Qxa3 31. d4 Nb4 32. Qd6 Rf8 33. Rb1 Nc2 34. Qe5 Qa7 35. d5 Qc5 36.
Rb8 exd5 37. Rxf8+ Kxf8 38. Qb8+ Ke7 39. Qb7+ Kd6 40. Qb8+ Qc7 41. Qf8+ Ke6 42. Qe8+ Kf6 43. Qe2 Nd4 44. Qd3 Qc1+ 45. Kh2 Qf4+ 46. Kg1 Qe4 47. Qg3 Ne2+ 48. Kf1 Nxg3+ 49. fxg3 Qd4 50. g4 Qc4+ 51. Kg1 Qb4 52. Kh2 Qa4 53. g3 Qa3 54. h4 Qa2+ 55.
Kh3 Qb2 56. g5+ Kf5 57. h5 Kxg5 58. h6 Kxh6 59. g4 Qd4 60. Kg2 Qxg4+ 61. Kh2 Qf3 62. Kg1 Qe2 63. Kh1 Kg5 64. Kg1 Kf5 65. Kh1 Ke5 66. Kg1 Kd6 67. Kh1 Kc6 68. Kg1 Kb6 69.
Kh1 Ka6 70. Kg1 Ka5 71. Kh1 Ka4 72. Kg1 Ka3 73. Kh1 Ka2 74. Kg1 Ka1 75. Kh1 Kb1 76. Kg1 Kb2 77. Kh1 Kb3 78. Kg1 Kb4 79. Kh1 Kb5 80. Kg1 f6 81. Kh1 Kc5 82. Kg1 Kc6 83. Kh1 Kc7 84. Kg1 Kc8 85. Kh1 Kd8 86. Kg1 Ke8 87. Kh1 Kf8 88. Kg1 Kf7 89. Kh1 Ke7 90. Kg1 Ke6 91. Kh1 Ke5 92. Kg1 Ke4 93. Kh1 Kd4 94.
Kg1 Kc4 95. Kh1 Kb4 96. Kg1 Ka4 97. Kh1 Ka3 98. Kg1 Kb3 99. Kh1 Kc3 100. Kg1 Kd3 101. Kh1 f5 102. Kg1 Ke4 103. Kh1 Kf4 104. Kg1 Kg5 105.
Kh1 Kf6 106. Kg1 Ke6 107. Kh1 Kd6 108. Kg1 Kc6 109. Kh1 Kb6 110. Kg1 Ka6 111. Kh1 Ka5 112. Kg1 Ka4 113. Kh1 Ka3 114. Kg1 Ka2 115. Kh1 Ka1 116. Kg1 Kb1 117. Kh1 Kb2 118. Kg1 Kb3 119. Kh1 Kb4 120. Kg1 Kb5 121. Kh1 g6 122. Kg1 Kb6 123. Kh1 Kb7 124. Kg1 Kb8 125. Kh1 Kc8 126. Kg1 Kc7 127. Kh1 Kc6 128. Kg1 Kc5 129. Kh1 Kc4 130. Kg1 Kc3 131. Kh1 Kc2 132. Kg1 Kc1 133. Kh1 Kd1 134. Kg1 Kd2 135. Kh1 Kd3 136.
Kg1 Kd4 137. Kh1 Ke3 138. Kg1 Ke4 139. Kh1 Ke5 140. Kg1 Ke6 141. Kh1 g5 142. Kg1 Ke7 143. Kh1 Ke8 144. Kg1 Kf8 145. Kh1 Kf7 146. Kg1 Kf6 147. Kh1 Ke6 148. Kg1 Kd6 149. Kh1 Kc6 150. Kg1 Kc5 151. Kh1 Kc4 152. Kg1 Kc3 153. Kh1 Kc2 154. Kg1 Kc1 155. Kh1 Kd1 156. Kg1 Kd2 157. Kh1 Kd3 158. Kg1 Ke3 159. Kh1 Kf3 160. Kg1 Kg3 161. Kh1 Kh4 162. Kg1 Kg4 163. Kh1 Kf4 164. Kg1 h6 165. Kh1 Ke5 166. Kg1 Ke4 167. Kh1 Kf3 168. Kg1 Kg3 169. Kh1 Qd1# 0-1

[Event "Late-Titled-Tuesday-Blitz-May-14-2024"]
[Site "Chess.com"]
[Date "2024.05.14"]
[Round "7"]
[White "KNVB"]
[Black "Maikrosoft63"]
[Result "0-1"]
[WhiteElo "2808"]
[BlackElo "2634"]
[TimeControl "180+1"]
[EndTime "15:17:39 PDT"]
[Termination "Maikrosoft63 won by resignation"]

1. d4 Nf6 2. Bf4 e6 3. e3 d5 4. Nf3 c5 5. Nbd2 Nc6 6. c3 Bd6 7. Bg3 O-O 8. Bd3 b6 9. e4 Be7 10. e5 Nh5 11. Ng5 Bxg5 12. Qxh5 g6 13. Qe2 h5 14. f4 Bh6 15. Nf3 cxd4 16. cxd4 Bb7 17. O-O Rc8 18. a3 Na5 19. Bh4 Qd7 20. Bf6 Bg7 21.
Rad1 Nc4 22. Ng5 Bxf6 23. exf6 Qd8 24. b3 Na5 25. Nxe6 fxe6 26. Qxe6+ Kh7 27. f7 Rc6 28.
Bxg6+ Kg7 29. Qe5+ Kxg6 30. Rd3 Qf6 31. Rg3+ Kxf7 32.
Qxh5+ Ke7 33. Re1+ Kd8 34. Qh7 Rc7 35. Qd3 Qxf4 36.
Rf3 Qh6 37. Rxf8+ Qxf8 38. h3 Re7 39. Rf1 Qg7 40. Qc3 Nc6 41. Rd1 Re4 42. Qf3 Rxd4 43. Re1 Re4 44. Rxe4 dxe4 45. Qxe4 Qd4+ 46. Qxd4+ Nxd4 47. b4 Nc2 48. h4 Nxa3 49. Kf2 Nc2 50. b5 Nd4 51. g4 Nxb5 52. Ke3 Ke7 53. Kf4 Kf7 54.
h5 Nd6 55. g5 Be4 56. Ke5 Ke7 57. g6 Bxg6 58. hxg6 Ne8 59. Kd5 Kd7 60. Ke5 a5 61. Kd5 a4 62. Kc4 b5+ 63. Kb4 Ke6 64. Ka3 Ng7 65.
Kb4 Kf6 66. Ka3 Kxg6 67. Kb4 Kf5 68. Kxb5 a3 69. Kc4 a2 70. Kc3 a1=Q+ 0-1

[Event "Late-Titled-Tuesday-Blitz-May-14-2024"]
[Site "Chess.com"]
[Date "2024.05.14"]
[Round "7"]
[White "Kosak12"]
[Black "PenguinPacks"]
[Result "1-0"]
[WhiteElo "2773"]
[BlackElo "2534"]
[TimeControl "180+1"]
[EndTime "15:17:39 PDT"]
[Termination "Kosak12 won by resignation"]

1. e4 c6 2. Nc3 d5 3. d4 dxe4 4.
Nxe4 Nf6 5. Nxf6+ exf6 6. c3 Bd6 7. Bd3 O-O 8. Qc2 Re8+ 9. Ne2 h5 10. O-O Nd7 11.
Ng3 c5 12. Be3 cxd4 13. Bxd4 h4 14. Nf5 Ne5 15. Nxh4 Nxd3 16. Qxd3 Bg4 17. h3 Be2 18. Qf5 Bxf1 19. Rxf1 Be5 20. Nf3 Bxd4 21. Nxd4 Re5 22. Qc2 Qd5 23. a3 Rc8 24. Rd1 Rg5 25. f3 Qc5 26.
Kh1 g6 27. Qe4 Qc7 28. Ne6 Re5 29. Nxc7 Rxe4 30. fxe4 Rxc7 31. Kg1 Kf8 32. Kf2 Ke7 33. Ke3 Ke6 34. Rd4 Rc5 35. c4 Rc7 36. b4 b6 37. Kd3 Ke5 38. g3 Ke6 39. Rd5 Rc8 40. c5 Rh8 41. h4 bxc5 42. Rxc5 Rd8+ 43. Ke3 Rd7 44. Ra5 Rc7 45. Ra6+ Ke5 46. Ra5+ Ke6 47. Kf4 Ke7 48. Ra6 Rd7 49. a4 Rb7 50. b5 Rc7 51. a5 Rb7 52. b6 axb6 53. Rxb6 Rc7 54. a6 Rc1 55. Rb7+ Ke6 56. a7 Ra1 57. g4 Rf1+ 58. Ke3 Ra1 59. h5 gxh5 60. gxh5 f5 61. h6 Kf6 62. h7 Kg7 63. h8=Q+ Kxh8 64. Rb8+ Kg7 65. a8=Q Rxa8 66. Rxa8 fxe4 67. Kxe4 Kg6 68. Ra6+ Kg5 69. Ra5+ Kg6 70. Rf5 Kg7 71. Ke5 Kg6 72.
Rf6+ Kg7 73. Kf5 Kf8 74. Rb6 Kg7 75. Rb7 Kh6 76. Rxf7 1-0

[Event "Late-Titled-Tuesday-Blitz-May-14-2024"]
[Site "Chess.com"]
[Date "2024.05.14"]
[Round "7"]
[White "Naruto-K"]
[Black "N_Mullodzhanov"]
[Result "1-0"]
[WhiteElo "2507"]
[BlackElo "2579"]
[TimeControl "180+1"]
[EndTime "15:17:39 PDT"]
[Termination "Naruto-K won by checkmate"]

1. Nf3 Nf6 2. c4 d6 3. d4 g6 4. g3 Bg7 5. Bg2 O-O 6. O-O c5 7. dxc5 dxc5 8. Qb3 Nc6 9. Rd1 Qb6 10. Nc3 Qxb3 11.
axb3 Bf5 12. Ra3 a6 13. Be3 Rfd8 14. Rc1 Ne4 15. g4 Nxc3 16. bxc3 Bxg4 17. Bxc5 Rac8 18. Bb6 Rd7 19. e3 e5 20. Raa1 Nb8 21. h3 Bf5 22. Ng5 h6 23. Ne4 Rc6 24. c5 Be6 25. c4 f5 26. Nc3 e4 27. Rab1 Rd3 28. Nd5 Bxd5 29. cxd5 Rxd5 30. Bf1 Rd2 31. Rd1 Rd7 32. b4 Kf8 33. b5 Rc8 34. bxa6 bxa6 35. Rxd7 Nxd7 36. Bxa6 Rb8 37. Bc4 Ke8 38. Rb5 Nxc5 39. Bxc5 Rc8 40. Bd5 Be5 41. Kg2 Rd8 42. Bc6+ Kf7 43.
Rb7+ Kf6 44. Bb5 Rd5 45. Be7+ Ke6 46. Bc4 g5 47. Rb5 Kxe7 48. Rxd5 Bf6 49. Rc5 h5 50. Rc6 Be5 51. Re6+ Kd7 52. Rxe5 f4 53. Rxg5 f3+ 54. Kg3 Kd6 55. Kf4 h4 56. Kxe4 Kc6 57. Kd4 Kd6 58.
Rg6+ Kc7 59. Ke5 Kd7 60. Bd5 Kc8 61. Kd6 Kb8 62. Rg7 Kc8 63. Bc6 Kb8 64. Kc5 Kc8 65. Kb6 Kd8 66. Rf7 Kc8 67. Rd7 Kb8 68. Rd8# 1-0

[Event "Late-Titled-Tuesday-Blitz-May-14-2024"]
[Site "Chess.com"]
[Date "2024.05.14"]
[Round "7"]
[White "DominguezOnYoutube"]
[Black "penguingm1"]
[Result "1-0"]
[WhiteElo "3017"]
[BlackElo "2858"]
[TimeControl "180+1"]
[EndTime "15:17:40 PDT"]
[Termination "DominguezOnYoutube won by resignation"]

1. e4 e5 2. Nf3 Nc6 3. Bb5 g6 4. c3 a6 5. Bc4 f5 6. d3 Bg7 7. O-O f4 8. b4 d6 9. Qb3 Nh6 10.
d4 g5 11. dxe5 dxe5 12. Rd1 Qf6 13. a4 g4 14. Ne1 Nf7 15. Qa2 Nd6 16. Bd5 Ne7 17. Bb3 Nxe4 18. Bf7+ Qxf7 19. Rd8+ Kxd8 20. Qxf7 Rg8 21. Nd2 Nd6 22. Qb3 Rf8 23. Ba3 b5 24.
Rd1 Ke8 25. Bb2 Bd7 26. Nd3 bxa4 27. Qa2 Bf5 28. Nc5 Bf6 29. Re1 a5 30. Ba3 axb4 31. Bxb4 Nc6 32. Qd5 Bd7 33. Nxd7 Kxd7 34. Bxd6 cxd6 35.
Ne4 Be7 36. Nc5+ Kc7 37. Ne6+ Kd7 38. Nxf8+ Rxf8 39. Ra1 Ra8 40. Qb5 Rb8 41. Qxa4 Bd8 42. Qa2 Ke7 43. Rb1 Rc8 44. Qa6 Rc7 45. Rb7 Kd7 46.
Rxc7+ Bxc7 47. Qd3 Ne7 48. Qxh7 d5 49. Qg7 g3 50.
hxg3 fxg3 51. Qxg3 e4 52. Qg4+ Kc6 53. Qe6+ Bd6 54.
g4 Kc5 55. g5 Nc6 56. g6 Be5 57. Qf7 Bxc3 58. g7 Bxg7 59. Qxg7 Nd4 60. Qf8+ Kc4 61. Kf1 Nf3 62. Qc8+ Kd3 63. Qa6+ Kd4 64. Qb6+ Kd3 65. Qb3+ Kd4 66. Qe3+ Ke5 67. Qc5 Nd2+ 68. Ke2 Nf3 69. Ke3 Ng5 70. Qc7+ Kf5 71. Qf4+ Kg6 72. Qd6+ 1-0

[Event "Late-Titled-Tuesday-Blitz-May-14-2024"]
[Site "Chess.com"]
[Date "2024.05.14"]
[Round "7"]
[White "MagnusCarlsen"]
[Black "GMBenjaminBok"]
[Result "0-1"]
[WhiteElo "3197"]
[BlackElo "3056"]
[TimeControl "180+1"]
[EndTime "15:17:44 PDT"]
[Termination "GMBenjaminBok won by resignation"]

1. b4 d5 2. Bb2 Bf5 3. e3 e6 4. c4 Nf6 5. cxd5 exd5 6. a3 Bd6 7. Nf3 O-O 8. Nd4 Bg6 9. h4 h5 10. Be2 a5 11. Nb5 axb4 12. Nxd6 Qxd6 13. axb4 Rxa1 14. Bxa1 Qxb4 15. Bxf6 gxf6 16. Nc3 Rd8 17. Bxh5 d4 18. exd4 Bxh5 19. Qxh5 Re8+ 20. Kf1 Qc4+ 21. Kg1 Re1+ 22. Kh2 Rxh1+ 23. Kxh1 Qxd4 24. Nd5 Qxf2 25.
Ne7+ Kf8 26. Nf5 Ke8 27. Qg4 Nd7 28. d4 b5 29. h5 Nf8 30. Qe4+ Ne6 31. h6 Qf1+ 32.
Kh2 Qf4+ 33. Qxf4 Nxf4 34. h7 Ng6 35. d5 b4 36. Nd4 Kf8 37. Kg3 Kg7 38. Kf3 Kxh7 39.
Ke2 Ne7 40. Kd3 Nxd5 41. Kc4 Ne3+ 42. Kxb4 Nxg2 43. Nb5 f5 44. Kc4 f4 45. Kd3 Kg6 46.
Nxc7 Kf5 47. Ke2 Nh4 48. Kf2 Kg4 49. Nd5 Ng6 50. Nf6+ Kf5 51. Nd5 Ne5 52. Ke2 Ke4 53. Nc3+ Kf5 54. Nd5 f6 55. Kf2 Nf7 56. Kf3 Ng5+ 57.
Kf2 Ke5 58. Nb6 Ke4 59. Nc4 f3 60. Nb6 Kf4 61. Nd5+ Ke5 62. Nb6 Ke4 63. Nc4 Kf4 64. Kf1 Ne4 65. Nb6 Kg3 66. Nd5 Nd2+ 67. Ke1 f2+ 68. Kxd2 f1=Q 0-1

[Event "Late-Titled-Tuesday-Blitz-May-14-2024"]
[Site "Chess.com"]
[Date "2024.05.14"]
[Round "7"]
[White "jefferyx"]
[Black "ChristopherYoo"]
[Result "1/2-1/2"]
[WhiteElo "3086"]
[BlackElo "3012"]
[TimeControl "180+1"]
[EndTime "15:17:45 PDT"]
[Termination "Game drawn - insufficient material"]

1. Nf3 c5 2. e4 Nc6 3. Bb5 g6 4. O-O Bg7 5. Re1 Nf6 6. c3 O-O 7. d4 Qe8 8. d5 a6 9. Bf1 Nb8 10. e5 Ng4 11. h3 Nh6 12. g4 Qd8 13. Be3 f5 14. exf6 exf6 15. Bxc5 Re8 16. Rxe8+ Qxe8 17. Na3 b5 18. Qd2 Qd8 19. Re1 d6 20. Qe3 Bb7 21. Bb6 Qf8 22. Qe6+ Nf7 23. c4 Bc8 24.
Qe8 Nd7 25. Ba5 Nde5 26. Qxf8+ Kxf8 27. Nd4 f5 28. gxf5 gxf5 29. cxb5 axb5 30. Bb4 Ra4 31. Nac2 Rxa2 32. Ba3 Nc4 33. Bxc4 bxc4 34. Ne6+ Bxe6 35. dxe6 Ng5 36. Kg2 Bxb2 37. Bxd6+ Ke8 38. Nb4 Ra5 39. f3 Bc3 40. Rc1 Bxb4 41. Bxb4 Ra2+ 42. Kg3 Nxe6 43. Rxc4 f4+ 44. Kg4 Rg2+ 45. Kf5 Kf7 46. Bd6 Rg5+ 47. Ke4 Rh5 48. Bxf4 Rh4 49.
Ke3 Kg6 50. Re4 Kf5 51. Re5+ Kf6 52. Re4 Rxh3 53. Be5+ Kf5 54. Bc3 Ng5 55. Rf4+ Kg6 56. Rf6+ Kh5 57. Rf5 h6 58. Kf2 Rh2+ 59. Kg3 Rc2 60. Bd4 Rd2 61. Be3 Rd3 62. Bxg5 hxg5 63. Re5 Rd1 64. f4 Rg1+ 65. Kf2 Rg4 66. Rxg5+ Rxg5 67.
fxg5 Kxg5 1/2-1/2

[Event "Late-Titled-Tuesday-Blitz-May-14-2024"]
[Site "Chess.com"]
[Date "2024.05.14"]
[Round "7"]
[White "Love7Unicorn"]
[Black "Puzzlebot_1294"]
[Result "1/2-1/2"]
[WhiteElo "2510"]
[BlackElo "2635"]
[TimeControl "180+1"]
[EndTime "15:17:45 PDT"]
[Termination "Game drawn by agreement"]

1. d4 Nf6 2. c4 e6 3. g3 Bb4+ 4.
Nd2 Nc6 5. a3 Bxd2+ 6. Qxd2 O-O 7. Bg2 d6 8. b4 Re8 9. b5 Ne7 10. Bb2 a6 11. a4 axb5 12. axb5 Rxa1+ 13. Bxa1 d5 14. Nf3 dxc4 15. Ne5 Bd7 16. O-O Bxb5 17. Bxb7 Qb8 18. Bf3 Qa7 19. Rb1 Rb8 20. Bc3 Ned5 21. Ba5 c6 22. Qb2 Ra8 23. Be1 Qa2 24. Qxa2 Rxa2 25.
Nxc4 h6 26. Nb2 Nb6 27. e3 Nfd5 28. Nd1 Na4 29. Bxd5 exd5 30. Nc3 Nxc3 31. Bxc3 Kh7 32. Rc1 Kg6 33. Bb4 Kf5 34. Kg2 g5 35. h3 h5 36. Kf3 g4+ 37. Kg2 Ke4 38. Bd6 Be2 39. hxg4 hxg4 40. Be7 Bf3+ 41. Kg1 Kd3 42. Bh4 Kd2 43.
Rb1 Ke2 44. Bf6 Be4 45. Rf1 Kf3 46. Be5 Bd3 47. Rc1 Rxf2 48. Rxc6 Rf1+ 49. Kh2 Be4 50.
Rf6+ Ke2 51. Rxf1 Kxf1 52. Bf4 f5 53. Be5 Kf2 54. Bf4 Bf3 55. Bg5 Ke2 56. Bf4 Kd3 57. Bg5 Ke4 58. Bf4 Kd3 59. Bg5 Kd2 60. Bf4 Ke2 61.
Bg5 Kf1 62. Bf4 Bg2 63. Bg5 Bh3 64. Bf4 Kf2 65. Bg5 Kf3 66. Bf4 Ke4 67. Bg5 Kd3 68. Bf4 Kc4 69. Bg5 Kb4 70. Bf4 Kb5 71. Kg1 Kc6 72. Kf2 Kd7 73. Be5 Kc6 74. Bf4 Kb5 75. Bg5 Kc4 76. Bf4 Kd3 77. Bg5 Ke4 78. Bf4 1/2-1/2

[Event "Late-Titled-Tuesday-Blitz-May-14-2024"]
[Site "Chess.com"]
[Date "2024.05.14"]
[Round "7"]
[White "HipsterChess22"]
[Black "crazycheesecake"]
[Result "1-0"]
[WhiteElo "2188"]
[BlackElo "2104"]
[TimeControl "180+1"]
[EndTime "15:17:46 PDT"]
[Termination "HipsterChess22 won by checkmate"]

1. d4 d5 2. Nc3 Nf6 3. Bf4 e6 4. Nb5 Na6 5. e3 Be7 6. c4 c6 7. Nc3 O-O 8. h3 Qb6 9. Rb1 dxc4 10. Bxc4 c5 11. Nf3 Rd8 12. Qb3 Nb4 13. a3 Nbd5 14.
Qxb6 Nxb6 15. Ba2 Bd7 16. Ne5 cxd4 17. exd4 Be8 18. Be3 Nbd5 19. Ne2 Nxe3 20. fxe3 Nd5 21. Bxd5 Rxd5 22. Nc3 Rdd8 23. O-O f6 24. Nf3 Bg6 25.
e4 Rac8 26. Rbc1 Kf7 27. Rfd1 a6 28. Nh4 Bd6 29. Nxg6 hxg6 30. Kf2 Bb8 31. Ne2 Ba7 32. Rxc8 Rxc8 33. Ke1 Rc2 34. Rd2 Rxd2 35. Kxd2 Ke7 36.
Kd3 Kd6 37. Nf4 g5 38. Nh5 Ke7 39. Nxg7 Kf7 40. Nh5 Kg6 41. g4 Bb8 42. d5 exd5 43.
exd5 Bd6 44. Kd4 f5 45. b4 fxg4 46. hxg4 b6 47. Ke4 a5 48. bxa5 bxa5 49. a4 Bc7 50. Kd4 Bd6 51. Kc4 Kf7 52. Kb5 Bb4 53. Kc6 Ke7 54.
Ng3 Ba3 55. Nf5+ Kd8 56. d6 Kc8 57. d7+ Kd8 58. Nd4 Ke7 59. Ne6 Kxe6 60. d8=Q Ke5 61. Qxa5+ Kf4 62. Qf5+ Kg3 63. Qxg5 Bb4 64. Qe5+ Kf2 65.
Qf4+ Kg2 66. Qxb4 Kf2 67. g5 Kg2 68. g6 Kf2 69. g7 Kf3 70. g8=Q Kf2 71. Qgb3 Ke2 72.
Q4a3 Kf2 73. Qaa2+ Ke1 74. Qbb1# 1-0

[Event "Late-Titled-Tuesday-Blitz-May-14-2024"]
[Site "Chess.com"]
[Date "2024.05.14"]
[Round "7"]
[White "Mikhail_Bryakin"]
[Black "Kacparov"]
[Result "0-1"]
[WhiteElo "2844"]
[BlackElo "2927"]
[TimeControl "180+1"]
[EndTime "15:17:47 PDT"]
[Termination "Kacparov won by resignation"]

1. Nf3 d5 2. d4 Nf6 3. Bf4 g6 4. e3 Bg7 5. c3 O-O 6. Nbd2 b6 7. h3 Bb7 8. Bd3 Nbd7 9. O-O Ne4 10. Rc1 c5 11.
Ne5 Nxe5 12. Bxe5 Bxe5 13. dxe5 Nxd2 14. Qxd2 f6 15. exf6 Rxf6 16. e4 dxe4 17. Bc4+ Kg7 18. Qg5 Qc7 19. Rcd1 Raf8 20. Qg3 Qxg3 21. fxg3 Rxf1+ 22. Rxf1 Rf6 23. g4 g5 24. Rd1 Rd6 25. Rf1 Bd5 26.
Bxd5 Rxd5 27. Re1 Kf6 28. Rxe4 Rd2 29. Ra4 a5 30. b4 cxb4 31. cxb4 Rd4 32. Kf2 Ke5 33.
Ke3 Kd5 34. Ra3 Re4+ 35. Kf3 Rf4+ 36. Ke3 Rxb4 37. Rd3+ Ke6 38. a3 Rb2 39. g3 b5 40.
Kd4 Rc2 41. Rf3 Rc4+ 42. Kd3 Ra4 43. Kc2 h6 44. Kb3 Re4 45. Kc3 Kd5 46. Kd3 e6 47. Kc3 Rc4+ 48. Kd3 b4 49. axb4 axb4 50.
Kd2 Rc3 51. Rf6 Rxg3 52. Rxh6 e5 53. Rg6 Kd4 54. Rxg5 Rg2+ 55. Kd1 b3 56. Rg8 b2 57. Rb8 e4 58. g5 e3 59. g6 b1=Q+ 60. Rxb1 Rg1+ 61.
Kc2 Rxb1 62. Kxb1 e2 0-1

[Event "Late-Titled-Tuesday-Blitz-May-14-2024"]
[Site "Chess.com"]
[Date "2024.05.14"]
[Round "7"]
[White "Ditman2007"]
[Black "baki83"]
[Result "0-1"]
[WhiteElo "2698"]
[BlackElo "2912"]
[TimeControl "180+1"]
[EndTime "15:17:47 PDT"]
[Termination "baki83 won on time"]

1. e4 c5 2. Nf3 d6 3. Bb5+ Bd7 4. a4 g6 5. O-O Bg7 6. c3 Nf6 7. Re1 O-O 8. d4 Bg4 9. h3 Bxf3 10. Qxf3 cxd4 11.
cxd4 Nc6 12. Be3 a6 13. Bc4 d5 14. exd5 Nb4 15. Na3 Nfxd5 16. Rad1 e6 17. Bd2 Nc6 18. Nc2 Rc8 19. b3 Nb6 20. Bf1 Qd5 21. Qg3 Rfd8 22. Ne3 Qd6 23. Qxd6 Rxd6 24. a5 Nd7 25. Nc4 Rxd4 26. Be3 Rd5 27. Nd6 Rb8 28. b4 Nxb4 29.
Rb1 Nc2 30. Red1 Nxe3 31. fxe3 Rxd1 32. Rxd1 Nc5 33. Be2 Bh6 34. Kf2 Rd8 35. Nc4 Rxd1 36. Bxd1 Kf8 37. Bf3 Ke7 38. Ke2 Bg7 39. Kd2 Kd7 40. Kc2 Kc7 41. g4 f5 42. h4 fxg4 43.
Bxg4 h5 44. Bf3 Bf6 45. Nb6 Bxh4 46. Kc3 Be7 47. Kd4 Bd6 48. Nc4 h4 49. Bg4 g5 50.
Bh3 Kd7 51. e4 Be7 52. Ne5+ Kc7 53. Nf3 b6 54. axb6+ Kxb6 55. e5 a5 56. Nd2 a4 57. Nc4+ Kc7 58. Kc3 Ne4+ 59. Kd4 Nf2 60. Bxe6 h3 61. Ke3 h2 62. Bd5 Bc5+ 63. Ke2 h1=Q 64. Bxh1 Nxh1 65. Kf3 Nf2 66. e6 Kd8 0-1